 Dungeon Crawl Stone Soup version 0.31-a0-1-g4198be8af4 (webtiles) character file.

Game seed: 1019671857887015289

1937 iamoutofideas the Cleaver (level 9, -5/78 HPs)
             Began as a Hill Orc Cinder Acolyte on May 1, 2023.
             Was a High Priest of Ignis.
             Slain by a deep elf pyromancer
             ... wielding a +0 long sword
              (10 damage)
             ... on level 6 of the Dungeon.
             The game lasted 00:08:05 (6916 turns).

iamoutofideas the Cleaver (Hill Orc Cinder Acolyte) Turns: 6916, Time: 00:08:05

Health: -5/78      AC: 15    Str: 18 (21) XL:     9   Next: 18%
Magic:  3/3        EV:  8    Int: 13 (14) God:    Ignis [*****.]
Gold:   409        SH:  0    Dex:  5 (6)  Spells: 10/10 levels left

rFire   + . .        I - +0 hand axe (antimagic)
rCold   . . .        (no shield)
rNeg    . . .        o - +0 chain mail
rPois   .            r - +1 helmet
rElec   .            C - +0 cloak
rCorr   .            F - +0 pair of gloves
SInv    .            (no boots)
Will    .....        j - amulet of the acrobat Stlth
                     (no ring)
HPRegen 0.33/turn    (no ring)
MPRegen 0.08/turn

%: acrobat
@: hasted, very quick
A: no striking features
a: Renounce Religion, Fiery Armour, Foxfire Swarm, Rising Flame


You were on level 6 of the Dungeon.
You worshipped Ignis.
Ignis was extremely pleased with you.
You visited 2 branches of the dungeon, and saw 7 of its levels.

You collected 409 gold pieces.

Inventory:

Hand Weapons
 a - a +0 hand axe of flaming
 b - a +0 war axe
 q - a +2 vampiric spear
 I - a +0 antimagic hand axe (weapon)
Missiles
 h - 4 atropa-tipped darts (quivered)
Armour
 l - a +0 ring mail
 o - a +0 chain mail (worn)
 r - a +1 helmet (worn)
 s - a +1 animal skin
 C - a +0 cloak (worn)
 F - a +0 pair of gloves (worn)
Jewellery
 j - an amulet of the acrobat (around neck)
 u - a ring of fire
 w - a ring of positive energy
 D - an amulet of guardian spirit
Wands
 x - a wand of charming (12)
 B - a wand of flame (6)
Scrolls
 c - a scroll of vulnerability {unknown}
 m - 2 scrolls of fog
 n - a scroll of poison {unknown}
 p - a scroll of magic mapping
 v - a scroll of blinking {unknown}
 y - a scroll of immolation {unknown}
 z - a scroll of acquirement {unknown}
 G - a scroll of enchant armour {unknown}
 H - 2 scrolls of brand weapon {unknown}
 J - a scroll of identify
Potions
 d - 3 potions of degeneration
 e - a potion of flight {unknown}
 f - a potion of lignification {unknown}
 g - a potion of might
 i - a potion of invisibility {unknown}
 k - a potion of attraction {unknown}
 t - a potion of heal wounds {unknown}
 A - a potion of berserk rage {unknown}
 E - a potion of haste


   Skills:
 + Level 6.9 Fighting
 * Level 10.7 Axes
 + Level 7.2 Armour
 + Level 1.8 Dodging
 - Level 1.0 Spellcasting
 - Level 3.5 Fire Magic


You had 10 spell levels left.
You didn't know any spells.
Your spell library contained the following spells:

 Spells                   Type           Power      Damage    Failure   Level
 Scorch                   Fire           18%        2d6       58%         2
 Foxfire                  Conj/Fire      20%        2x1d5     71%         1
 Ensorcelled Hibernation  Hex/Ice        0%         N/A       97%         2
 Spider Form              Tmut/Pois      0%         N/A       99%         3
 Vhi's Electric Charge    Tloc/Air       0%         N/A       99%         3
 Anguish                  Hex/Necr       0%         N/A       100%        4
 Cause Fear               Hex            0%         N/A       100%        4
 Arcjolt                  Conj/Air       0%         1d10      100%        5
 Fireball                 Conj/Fire      2%         3d4       100%        5
 Plasma Beam              Fire/Air       2%         2x1d14    100%        6
 Starburst                Conj/Fire      2%         6d3       100%        6
 Enfeeble                 Hex            0%         N/A       100%        7
 Maxwell's Capacitive Co  Air            0%         ∞         100%        8


Dungeon Overview and Level Annotations

Branches:
Dungeon (6/15)             Temple (1/1) D:6

Altars:
Ashenzari
Cheibriados
Dithmenos
Elyvilon
Fedhas
Gozag
Hepliaklqana
Kikubaaqudgha
Makhleb
Nemelex Xobeh
Okawaru
Qazlal
Ru
Sif Muna
Trog
Uskayaw
Vehumet
Wu Jian
Xom
Yredelemnul
Zin
The Shining One


Message History

Unknown command.
You barely miss the deep elf pyromancer.
The deep elf pyromancer is heavily wounded.
You hit the fire elemental. You closely miss the fire elemental.
The deep elf pyromancer's magic is no longer disrupted.
The fire elemental hits you. The fire elemental burns you! You resist.
The fire elemental hits you. The fire elemental burns you! You resist.
The deep elf pyromancer hits you with a +0 long sword.
The fire elemental barely misses you.
Unknown command.
Unknown command.
You hit the deep elf pyromancer.
The deep elf pyromancer's magic leaks into the air.
The deep elf pyromancer is heavily wounded.
You hit the fire elemental.
You hit the fire elemental but do no damage.
The deep elf pyromancer's magic is no longer disrupted.
The fire elemental hits you. The fire elemental burns you! You resist.
The deep elf pyromancer hits you with a +0 long sword!
* * * LOW HITPOINT WARNING * * *
The fire elemental completely misses you.
Unknown command.
Okay, then.
It was a potion of degeneration.
There was something very wrong with that liquid.
You feel weakened.
You feel dopey.
You feel clumsy. The fire elemental hits you. The fire elemental burns you!
You resist.
* * * LOW HITPOINT WARNING * * *
The deep elf pyromancer hits you with a +0 long sword.
* * * LOW HITPOINT WARNING * * *
The fire elemental hits you. The fire elemental burns you! You resist.
* * * LOW HITPOINT WARNING * * *
The fire elemental barely misses you.
Okay, then.
It was a potion of haste.
You feel yourself speed up. The fire elemental hits you.
The fire elemental burns you! You resist.
* * * LOW HITPOINT WARNING * * *
The fire elemental closely misses you.
The deep elf pyromancer hits you with a +0 long sword!
You die...

##....# #.......
####.....# ##...... ###
##........# ##......#
#..
..........####..######
#.###########.......##
#...........#......##
###...........#...>.##
###...8######E''#....##
#
###...#.......+.@E#..###
# ....###.......+..e#..#
####### ..###
#.......+$.!#.## #......
### #.8######+++#.#
#...... #... #.# ####..#
#.... #.# #### #.### #.#
#.. ..# ## ....


You could see a deep elf pyromancer and 2 fire elementals.

Vanquished Creatures
  Sigmund (D:6)
  A water moccasin (D:5)
  2 black bears
  A sky beast (D:6)
  An ice beast (D:6)
  A centaur (D:6)
  3 phantoms
  2 scorpions
  4 hounds
  8 orc priests
  2 iguanas
  Ijyb (D:4)
  5 orc wizards
  Robin (D:2)
  13 adders
  7 gnolls
  A shadow imp (D:5)
  An ufetubus (D:5)
  A worm (D:4)
  5 dart slugs
  22 orcs
  7 endoplasms
  2 giant cockroaches (D:2)
  6 goblins
  15 hobgoblins
  5 jackals (D:2)
  2 quokkas
  7 ball pythons
  2 bats
  7 frilled lizards
  10 kobolds
  5 rats
151 creatures vanquished.

Vanquished Creatures (others)
  An orc (D:6)
  10 plants (D:2)
11 creatures vanquished.

Grand Total: 162 creatures vanquished

Notes
Turn   | Place    | Note
-------+----------+-------------------------------------------
     0 | D:1      | iamoutofideas the Hill Orc Cinder Acolyte began the quest
                  | for the Orb.
     0 | D:1      | Reached XP level 1. HP: 19/19 MP: 2/2
   169 | D:1      | Reached XP level 2. HP: 20/27 MP: 3/3
   466 | D:1      | Reached XP level 3. HP: 32/33 MP: 4/4
   558 | D:1      | Reached skill level 5 in Axes
  1040 | D:1      | Reached XP level 4. HP: 21/41 MP: 5/5
  1144 | D:1      | HP: 2/41 [gnoll/+0 flail (2)]
  1376 | D:2      | Reached skill level 6 in Axes
  1519 | D:2      | Found an ancient bone altar of Kikubaaqudgha.
  1693 | D:2      | Reached XP level 5. HP: 39/47 MP: 6/6
  1733 | D:2      | Noticed Robin
  1747 | D:2      | Killed Robin
  2057 | D:2      | Reached skill level 5 in Fighting
  2190 | D:3      | Reached skill level 7 in Axes
  2491 | D:3      | Reached XP level 6. HP: 56/56 MP: 7/7
  2901 | D:4      | Noticed Ijyb
  2960 | D:4      | Killed Ijyb
  3145 | D:4      | Reached skill level 8 in Axes
  3157 | D:4      | Reached skill level 1 in Armour
  3816 | D:5      | Entered Level 5 of the Dungeon
  3849 | D:5      | Reached XP level 7. HP: 56/61 MP: 8/8
  4050 | D:5      | Found a glowing silver altar of Zin.
  4309 | D:5      | Noticed a vampire mosquito
  4309 | D:5      | Noticed a vampire mosquito
  4310 | D:5      | Noticed a vampire mosquito
  4310 | D:5      | Noticed a vampire mosquito
  4377 | D:5      | Reached skill level 1 in Dodging
  4413 | D:6      | Reached skill level 5 in Armour
  4732 | D:5      | Reached XP level 8. HP: 40/70 MP: 9/9
  5673 | D:6      | Reached skill level 9 in Axes
  5962 | D:6      | Noticed Sigmund
  5980 | D:6      | Killed Sigmund
  6080 | D:6      | Reached skill level 10 in Axes
  6126 | D:6      | Reached XP level 9. HP: 75/78 MP: 10/10
  6378 | D:6      | Found a staircase to the Ecumenical Temple.
  6412 | Temple   | Entered the Ecumenical Temple
  6901 | D:6      | Noticed a deep elf pyromancer
  6916 | D:6      | Slain by a deep elf pyromancer

Illustrated notes

Levels and vault maps discovered:
D:1:      lemuel_arrival_funnel, layout_basic, minmay_split_cup_small
D:2:      layout_basic, basic_altar, nicolae_grassy_gnolls, uniq_robin
D:3:      layout_rooms, grunt_decor_one_mirror
D:4:      layout_cave_pools, serial_column_ruins, column_ruins_columns_straight,
          column_ruins_grid_1, column_ruins_corridor_straight,
          column_ruins_columns_straight, column_ruins_open_tiny_water,
          column_ruins_open_medium, uniq_ijyb
D:5:      layout_gridville, zin_scriptorium, kennysheep_potato
D:6:      layout_layer_cave, minmay_temple_entry_proselytizer,
          minmay_misc_feat_x, guppyfry_early_elven_hall, uniq_sigmund
Temple:   roderic_octagonal_lattice_temple

Skill      XL: |  1  2  3  4  5  6  7  8 |
---------------+-------------------------+-----
Fighting       | 4 5 6 |  6.9
Axes           | 5 6 7 8 10 | 10.7
Armour         | 2 5 7 |  7.2
Dodging        | 1 |  1.8
Spellcasting   | |  1.0
Fire Magic     | |  3.5

Action                     |  1- 3 |  4- 6 |  7- 9 || total
---------------------------+-------+-------+-------++-------
  Melee: Hand axe          |    80 |   340 |   285 ||   705
         Punch             |       |     4 |     2 ||     6
         War axe           |       |       |    24 ||    24
  Evoke: Wand              |       |       |     1 ||     1
    Use: Potion            |     1 |     4 |     3 ||     8
         Scroll            |       |       |     7 ||     7
 Armour: Robe              |     6 |       |       ||     6
         Ring mail         |    11 |    17 |       ||    28
         Chain mail        |       |   178 |   232 ||   410
  Dodge: Dodged            |    61 |   179 |   144 ||   384

Table legend: (Time is in decaauts)
 A = Elapsed time spent in this place.
 B = Non-inter-level travel time spent in this place.
 C = Inter-level travel time spent in this place.
 D = Time resting spent in this place.
 E = Time spent auto-exploring this place.
 F = Levels seen in this place.
 G = Mean time per level.
                   A        B        C        D        E       F      G
               +--------+--------+--------+--------+--------+-----+--------+
         Total |   6871 |   6630 |    241 |   2223 |   2964 |   7 |  981.6 |
       Dungeon |   6587 |   6367 |    220 |   2223 |   2721 |   6 | 1097.8 |
        Temple |    284 |    264 |     20 |      0 |    243 |   1 |  284.0 |
               +--------+--------+--------+--------+--------+-----+--------+

Top non-repeatable levels by time:
     D:5: 1527 daAuts
     D:6: 1249 daAuts
     D:1: 1239 daAuts
     D:2: 1043 daAuts
     D:4: 903 daAuts
     D:3: 624 daAuts
  Temple: 284 daAuts
